 Dungeon Crawl Stone Soup version 0.27.1-34-g3ba077fa99 (webtiles) character file.

Game seed: 6731117708163670788

6257 belegose the Chucker (level 10, -17/82 (87) HPs)
             Began as a Troll Monk on Jan 6, 2022.
             Was an Elder of Hepliaklqana.
             Demolished by a large abomination (26 damage)
             ... on level 1 of the Abyss.
             The game lasted 00:22:37 (7736 turns).

belegose the Chucker (Troll Monk)                   Turns: 7736, Time: 00:22:38

HP:   -17/82 (87)   AC: 12    Str: 22      XL:     10   Next: 62%
MP:   13/13         EV: 10    Int:  8      God:    Hepliaklqana [****..]
Gold: 370           SH:  0    Dex: 17 (18) Spells: 9/9 levels left

rFire    . . .     SeeInvis .   a - +2 trident (venom)
rCold    . . .     Faith    .   (no shield)
rNeg     . . .     Spirit   .   M - +0 acid dragon scales
rPois    .         Reflect  .   O - +2 hat
rElec    .         Harm     .   v - +0 cloak
rCorr    +         Rampage  .   (gloves unavailable)
Will     .....                  (boots unavailable)
Stlth    ++........             K - amulet of the acrobat
HPRegen  1.23/turn              l - +6 ring of dexterity
MPRegen  0.13/turn              (no ring)

@: drained
A: reduced essence, large, unfitting armour, claws 3, regeneration 1, shaggy fur
1, tough skin 1
a: Renounce Religion, Recall Ancestor, Ancestor Identity, Transference, Idealise


You were on level 1 of the Abyss.
You worshipped Hepliaklqana.
Hepliaklqana was greatly pleased with you.
You visited 2 branches of the dungeon, and saw 10 of its levels.
You visited the Abyss 1 time.
You also visited: Ossuary.

You collected 370 gold pieces.

Inventory:

Hand Weapons
 a - a +2 trident of venom (weapon)
 b - a +2 scimitar of flaming
 c - a +0 hunting sling
 P - a +3 spectral quarterstaff
Missiles
 e - 368 stones
 i - 57 poisoned darts (quivered)
 k - 49 sling bullets
 m - 11 boomerangs
 u - 2 silver javelins
Armour
 v - a +0 cloak (worn)
 x - a +0 robe
 M - +0 acid dragon scales (worn)
 O - a +2 hat (worn)
Magical Staves
 L - a staff of air
Jewellery
 l - a +6 ring of dexterity (left claw)
 r - a ring of fire
 I - a ring of wizardry
 K - an amulet of the acrobat (around neck)
Wands
 w - a wand of flame (28)
 B - a wand of charming (6)
 Q - a wand of paralysis (3)
Scrolls
 d - 6 scrolls of teleportation {unknown}
 g - a scroll of fear {unknown}
 j - 2 scrolls of enchant armour {unknown}
 p - 7 scrolls of identify {unknown}
 y - 2 scrolls of magic mapping {unknown}
 D - 2 scrolls of enchant weapon {unknown}
 E - 2 scrolls of noise {unknown}
 G - a scroll of fog {unknown}
 H - a scroll of vulnerability {unknown}
 J - 2 scrolls of brand weapon {unknown}
 N - a scroll of immolation {unknown}
 S - a scroll of amnesia {unknown}
Potions
 f - 2 potions of ambrosia {unknown}
 h - a potion of resistance {unknown}
 n - 4 potions of attraction {unknown}
 o - a potion of flight {unknown}
 q - a potion of lignification {unknown}
 s - 5 potions of heal wounds {unknown}
 t - 3 potions of degeneration {unknown}
 z - 2 potions of invisibility {unknown}
 A - 2 potions of berserk rage {unknown}
 C - a potion of brilliance {unknown}
 F - 4 potions of curing
 R - a potion of might {unknown}


   Skills:
 + Level 5.6 Fighting
 - Level 4.2 Maces & Flails
 + Level 5.1 Polearms
 + Level 6.5 Throwing
 + Level 3.5 Armour
 - Level 2.6 Dodging
 - Level 1.1 Stealth
 + Level 6.2 Invocations
 + Level 5.1 Evocations


You had 9 spell levels left.
You didn't know any spells.
Your spell library contained the following spells:

 Spells                   Type           Power      Damage    Failure   Level
 Foxfire                  Conj/Fire      0%         2x1d4     47%         1
 Magic Dart               Conj           0%         1d3       47%         1
 Call Imp                 Summ           0%         N/A       63%         2
 Conjure Flame            Conj/Fire      0%         6-21      85%         3
 Inner Flame              Hex/Fire       0%         N/A       85%         3
 Mephitic Cloud           Conj/Pois/Air  0%         N/A       85%         3


Dungeon Overview and Level Annotations

Branches:
Dungeon (9/15)             Temple (1/1) D:7         Ossuary (visited)
   Lair: D:8-11         Orc: D:9-12

Altars:
Hepliaklqana
Kikubaaqudgha
Nemelex Xobeh
Okawaru
Qazlal
Ru
Uskayaw
Wu Jian

Shops:
D:6 *   D:8 [

Annotations:
D:9 Erolcha


Innate Abilities, Weirdness & Mutations

Your life essence is reduced to manifest your ancestor. (-10% HP)
You are too large for most types of armour.
You have claws for hands.
Your natural rate of healing is unusually fast.
You are covered in fur. (AC +1)
You have tough skin. (AC +1)


Message History

You puncture the large abomination!
The large abomination is moderately damaged.
The wight hits you from afar with a +0 spear.
You feel drained.
The large abomination hits you but does no damage.
You hit the large abomination.
The large abomination is heavily damaged.
The wight completely misses you.
A wight comes into view. It is wielding a +0 battleaxe.
The large abomination hits you.
You hit the large abomination but do no damage.
The large abomination is heavily damaged.
The wight hits you but does no damage.
A smoke demon comes into view.
The large abomination hits you but does no damage.
The smoke demon roars!
You hit the large abomination.
The large abomination is heavily damaged.
The wight hits you but does no damage. The large abomination hits you!!
You are too injured to fight recklessly!
You are too injured to fight recklessly!
You are too injured to fight recklessly!
You are too injured to fight recklessly!
You are too injured to fight recklessly!
You are too injured to fight recklessly!
You are too injured to fight recklessly!
You puncture the large abomination!
The large abomination is severely damaged.
The wight hits you from afar with a +0 spear.
You feel drained. The large abomination hits you!
* * * LOW HITPOINT WARNING * * *
You hit the large abomination but do no damage.
The large abomination is severely damaged.
The wight hits you from afar with a +0 spear.
* * * LOW HITPOINT WARNING * * *
The smoke demon gestures at you. Something smites you!
* * * LOW HITPOINT WARNING * * *
The large abomination hits you!!
You die...

## # .. # # .... #
# # #.# ## . . #
### . # # # #
#.##. ## ### .# .
####.#. # . # .#
.## #### . .. . ..
. . ...#@#### .#
.## . . .. ##X.#.
.. ..# . ....
..z..#.. #.#.#
.#.# # ....3. .. #
.
##..##.#.##.#..##.
#.# # . . . .
.#..# ....# . ...
.z ##. .#... . .
.∩..# . ##. ..# .
. ... #. . . .


You could see a large abomination, a smoke demon and a wight.

Vanquished Creatures
  Pikel (D:4)
  A rust devil (D:7)
  Joseph (D:8)
  A gargoyle (D:7)
  A spriggan (D:7)
  Sigmund (D:3)
  A wyvern (D:7)
  A shadow (D:7)
  A steam dragon (D:9)
  An orc warrior (D:7)
  A black bear (D:7)
  An ogre (D:5)
  4 centaurs
  A phantom (D:4)
  3 elf zombies (Ossuary)
  A kobold brigand (D:8)
  A bullfrog (D:8)
  A scorpion (D:7)
  An earth elemental (Abyss:1)
  3 killer bees (D:8)
  5 wights (D:8)
  A bullfrog zombie (D:5)
  A centaur zombie (D:6)
  A quasit (Abyss:1)
  A gnoll shaman (D:7)
  2 orc priests
  A hound (D:5)
  2 human zombies (Ossuary)
  2 centaur skeletons
  Ijyb (D:3)
  An iguana (D:6)
  A hound zombie (Ossuary)
  2 mummies (Ossuary)
  2 gnolls (D:7)
  2 adders
  A shadow imp (D:7)
  A white imp (D:6)
  An ufetubus (D:6)
  3 adder zombies (Ossuary)
  5 dart slugs
  15 orcs
  3 ball pythons
  8 bats
  5 endoplasms
  2 giant cockroaches (D:2)
  2 gnoll zombies (Ossuary)
  8 hobgoblins
  9 jackals
  4 quokkas
  6 frilled lizards
  2 goblins
  2 goblin zombies (Ossuary)
  2 hobgoblin zombies (Ossuary)
  4 jackal zombies (Ossuary)
  7 kobolds
  4 kobold zombies (Ossuary)
  An orc zombie (Ossuary)
  A quokka zombie (Ossuary)
  3 rat zombies (Ossuary)
151 creatures vanquished.

Vanquished Creatures (collateral kills)
  Maggie (D:6)
  Psyche (D:9)
  A hornet (D:8)
  Grinder (D:3)
  Edmund (D:6)
  Menkaure (D:7)
  A water moccasin (D:6)
  A sky beast (D:7)
  An orc warrior (D:8)
  An elf zombie (Ossuary)
  A kobold brigand (D:7)
  A wyvern zombie (D:7)
  A killer bee (D:8)
  A howler monkey (D:5)
  2 jellies
  2 centaur skeletons
  2 centaur zombies
  An iguana (D:7)
  An orc wizard (D:8)
  A mummy (Ossuary)
  2 gnolls (D:7)
  2 adders
  An adder skeleton (D:4)
  An adder zombie (Ossuary)
  2 orcs (D:8)
  An endoplasm (D:4)
  A goblin (D:4)
  2 hobgoblins (D:4)
  A jackal (D:3)
  4 kobolds
  A ball python (D:4)
  A hobgoblin zombie (Ossuary)
  A jackal zombie (Ossuary)
  A quokka zombie (Ossuary)
  A rat zombie (Ossuary)
45 creatures vanquished.

Vanquished Creatures (others)
  3 hexers
3 creatures vanquished.

Grand Total: 199 creatures vanquished

Notes
Turn   | Place    | Note
-------+----------+-------------------------------------------
     0 | D:1      | belegose the Troll Monk began the quest for the Orb.
     0 | D:1      | Reached XP level 1. HP: 22/22 MP: 0/0
    63 | D:1      | Reached XP level 2. HP: 26/29 MP: 1/1
   788 | D:2      | Reached XP level 3. HP: 35/36 MP: 2/2
   920 | D:2      | Reached skill level 1 in Throwing
   920 | D:2      | Reached XP level 4. HP: 7/45 MP: 3/3
  1387 | D:2      | Found a faded altar of an unknown god.
  1559 | D:3      | Found a sparkling altar of Nemelex Xobeh.
  1717 | D:3      | Found an iron altar of Okawaru.
  1720 | D:3      | Found a stormy altar of Qazlal.
  1724 | D:3      | Found a hazy altar of Hepliaklqana.
  1763 | D:3      | Became a worshipper of Hepliaklqana the Forgotten
  1763 | D:3      | Reached * piety under Hepliaklqana
  1763 | D:3      | Reached ** piety under Hepliaklqana
  1849 | D:3      | Remembered your ancestor Ingwe as a hexer
  1866 | D:3      | Noticed Ijyb
  1876 | D:3      | Killed Ijyb
  1877 | D:3      | Reached XP level 5. HP: 37/47 MP: 4/4
  1909 | D:3      | Noticed Sigmund
  1925 | D:3      | Killed Sigmund
  1926 | D:3      | Reached skill level 1 in Invocations
  1926 | D:3      | Reached XP level 6. HP: 21/55 MP: 4/6
  1933 | D:3      | Reached skill level 1 in Evocations
  2151 | D:3      | Noticed Grinder
  2176 | D:3      | Paralysed by Grinder for 5 turns
  2178 | D:3      | Killed Grinder
  2596 | D:4      | Reached XP level 7. HP: 60/63 MP: 7/7
  2652 | D:4      | Noticed a +0 hand axe
  2652 | D:4      | Noticed a +0 hand axe
  2653 | D:4      | Found a hide-covered altar of Uskayaw.
  2743 | D:4      | Noticed Pikel
  2778 | D:4      | Killed Pikel
  2779 | D:4      | Reached skill level 1 in Polearms
  3038 | D:4      | Reached *** piety under Hepliaklqana
  3053 | D:4      | Reached XP level 8. HP: 59/71 MP: 9/9
  3507 | D:5      | Entered Level 5 of the Dungeon
  3659 | D:5      | Found a sand-covered staircase.
  3665 | Ossuary  | Entered an ossuary
  4057 | Ossuary  | Reached skill level 5 in Fighting
  4238 | D:5      | Found an ancient bone altar of Kikubaaqudgha.
  4804 | D:6      | Noticed Edmund
  4816 | D:6      | Found Ocaohamo's Assorted Antiques.
  4830 | D:6      | Killed Edmund
  4897 | D:6      | Reached XP level 9. HP: 70/79 MP: 11/11
  5044 | D:6      | Noticed Maggie
  5053 | D:6      | Killed Maggie
  5128 | D:6      | Reached skill level 5 in Throwing
  5364 | D:6      | Found a sacrificial altar of Ru.
  5661 | D:7      | Noticed Menkaure
  5671 | D:7      | Killed Menkaure
  5743 | D:7      | Reached **** piety under Hepliaklqana
  5840 | D:7      | Reached skill level 1 in Armour
  5934 | D:7      | Noticed a gargoyle
  5945 | D:7      | Killed a gargoyle
  5946 | D:7      | Reached skill level 5 in Invocations
  6009 | D:7      | Found a staircase to the Ecumenical Temple.
  6014 | Temple   | Entered the Ecumenical Temple
  6413 | D:7      | Reached XP level 10. HP: 63/86 MP: 13/13
  6524 | D:6      | Noticed a rust devil
  6524 | D:6      | Noticed a rust devil
  6625 | D:7      | Killed a rust devil
  7076 | D:8      | Noticed Joseph
  7097 | D:8      | Killed Joseph
  7209 | D:8      | Reached skill level 5 in Polearms
  7213 | D:8      | Found Voxib's Antique Armour Boutique.
  7353 | D:8      | Found an ornate altar of the Wu Jian Council.
  7515 | D:9      | Noticed Psyche
  7519 | D:9      | Paralysed by something for 4 turns
  7525 | D:9      | Killed Psyche
  7526 | D:9      | Reached skill level 5 in Evocations
  7535 | D:9      | Identified the +4 robe of Patterns {Dex+4}
  7594 | D:9      | Noticed Erolcha
  7660 | D:9      | Cast into level 1 of the Abyss (Erolcha)
  7733 | Abyss:1  | Noticed a smoke demon
  7736 | Abyss:1  | Demolished by a large abomination

Illustrated notes

Levels and vault maps discovered:
D:1:      amcnicky_arrival_blooded_trapdoor, layout_loops_ring
D:2:      layout_loops_ring, hellmonk_ecumenical_altar_heavens_door
D:3:      layout_basic, mainiacjoe_overflow_alcove_1,
          grunt_temple_overflow_diamond, uniq_ijyb, uniq_grinder, uniq_sigmund
D:4:      layout_gridville, dancing_weapons_uskayaw, uniq_pikel
D:5:      layout_loops_cross, nicolae_kikubaaqudgha_miasma_corner,
          lightli_ossuary_entry_decrepit_ruins
D:6:      cheibrodos_iron_armory, layout_loops_ring,
          mainiacjoe_overflow_catwalk, serial_shops, nicolae_shop_crystal,
          uniq_edmund, uniq_maggie
D:7:      layout_basic, temple_doors_e, roderic_serpentine_path,
          hangedman_decor_lopped, minmay_misc_feat_nine_boxes, glass_columns_a,
          grunt_ministairs_6, minmay_strange_pillars, the_hattery, uniq_menkaure
D:8:      layout_basic, nicolae_wu_jian_immortal_techniques, serial_shops,
          nicolae_shop_stone, uniq_joseph
D:9:      layout_roguey, david_lair_shrubbed, orc_0_dummy, uniq_psyche,
          uniq_erolcha
Temple:   eino_temple_water
Abyss:1:  base:
D:5

Skill      XL: |  1  2  3  4  5  6  7  8  9 10 |
---------------+-------------------------------+-----
Maces & Flails | 3 4 |  4.2
Fighting       | 3 4 5 |  5.6
Throwing       | 1 2 3 4 5 6 |  6.5
Invocations    | 1 2 3 4 5 6 |  6.2
Evocations     | 1 2 3 4 5 |  5.1
Polearms       | 1 3 4 5 |  5.1
Armour         | 2 3 |  3.5
Dodging        | |  2.6
Stealth        | |  1.1

Action                   |  1- 3 |  4- 6 |  7- 9 | 10-12 || total
-------------------------+-------+-------+-------+-------++-------
Melee: Mace              |   117 |    70 |       |       ||   187
       Dagger            |       |    41 |       |       ||    41
       Trident           |       |     4 |   313 |   129 ||   446
       Scimitar          |       |       |     5 |       ||     5
       Quarterstaff      |       |       |       |    12 ||    12
Throw: Stone             |       |       |     5 |       ||     5
       Dart              |       |       |       |     3 ||     3
Invok: Ancestor Life: He |       |     1 |       |       ||     1
       Recall Ancestor   |       |       |     1 |       ||     1
Evoke: Wand              |       |       |       |     1 ||     1
 Stab: Sleeping          |     1 |       |     3 |       ||     4
       Confused          |       |       |     9 |       ||     9
       Distracted        |       |       |     5 |     2 ||     7
Armor: Robe              |    66 |    38 |    76 |       ||   180
       Acid dragon scale |       |       |    31 |    64 ||    95
Dodge: Dodged            |    88 |    73 |   186 |   115 ||   462
